 Dungeon Crawl Stone Soup version 0.29-a0-322-g68df515428 (webtiles) character file.

Game seed: 13131283820696566914

1500 funkygono the Firebug (level 8, -3/42 HPs)
             Began as a Gargoyle Fire Elementalist on Apr 8, 2022.
             Was a Believer of Vehumet.
             Slain by a hell rat (13 damage)
             ... on level 6 of the Dungeon.
             The game lasted 00:13:16 (6524 turns).

funkygono the Firebug (Gargoyle Fire Elementalist)  Turns: 6524, Time: 00:13:17

Health: -3/42      AC: 17    Str: 11    XL:     8   Next: 81%
Magic:  4/17       EV: 10    Int: 19    God:    Vehumet [**....]
Gold:   966        SH:  0    Dex: 10    Spells: 5/19 levels left

rFire   + . .      SeeInvis .   n - +0 mace
rCold   . . .      Faith    .   (no shield)
rNeg    + . .      Spirit   .   F - +3 ring mail {rF+}
rPois   ∞          Reflect  .   w - +2 helmet
rElec   +          Harm     .   p - +0 cloak
rCorr   .          Rampage  .   (no gloves)
Will    +....                   (no boots)
Stlth   +.........              g - amulet of regeneration
HPRegen 0.94/turn               f - ring of flight
MPRegen 0.15/turn               u - ring of willpower

@: flying
A: sickness immunity, AC +5, negative energy resistance 1, electricity
resistance, torment resistance 1, petrification resistance
a: Renounce Religion


You were on level 6 of the Dungeon.
You worshipped Vehumet.
Vehumet was pleased with you.
You visited 1 branch of the dungeon, and saw 6 of its levels.
You also visited: Sewer.

You collected 966 gold pieces.

Inventory:

Hand Weapons
 n - a +0 mace (weapon)
Missiles
 j - 129 stones
Armour
 a - a +0 robe
 i - a +0 leather armour
 p - a +0 cloak (worn)
 w - a +2 helmet (worn)
 z - an orb of guile
 F - a +3 ring mail of fire resistance (worn)
Jewellery
 f - a ring of flight (left hand)
 g - an amulet of regeneration (around neck)
 h - a ring of resist corrosion
 u - a ring of willpower (right hand)
Wands
 q - a wand of digging (1)
 r - a wand of iceblast (21)
 D - a wand of polymorph (7)
Scrolls
 b - 3 scrolls of teleportation
 l - 5 scrolls of blinking
 A - a scroll of fog
Potions
 c - 2 potions of mutation
 d - a potion of degeneration {unknown}
 e - a potion of haste
 k - 2 potions of curing {unknown}
 m - 3 potions of lignification
 o - a potion of ambrosia {unknown}
 s - 2 potions of magic
 x - a potion of might {unknown}
 C - a potion of attraction {unknown}
 E - a potion of heal wounds {unknown}
 G - 2 potions of resistance


   Skills:
 + Level 0.4 Fighting
 + Level 0.5 Maces & Flails
 + Level 0.6 Armour
 + Level 2.0 Dodging
 - Level 2.1 Stealth
 * Level 6.4 Spellcasting
 * Level 5.3 Conjurations
 * Level 7.0 Fire Magic


You had 5 spell levels left.
You knew the following spells:

 Your Spells              Type           Power      Damage    Failure   Level
a - Foxfire               Conj/Fire      100%       2x1d9     1%          1
b - Scorch                Fire           64%        2d8       2%          2
c - Conjure Flame         Conj/Fire      29%        6-21      6%          3
d - Flame Wave            Conj/Fire      29%        2d8       21%         4
e - Sandblast             Erth           12%        2d6       26%         1
f - Searing Ray           Conj           52%        2d6       4%          2
g - Shock                 Conj/Air       64%        1d7       9%          1

Your spell library contained the following spells:

 Spells                   Type           Power      Damage    Failure   Level
 Ignite Poison            Fire/Tmut/Pois 15%        N/A       30%         3
 Magic Dart               Conj           100%       1d8       3%          1
 Inner Flame              Hex/Fire       19%        N/A       19%         3
 Ensorcelled Hibernation  Hex/Ice        12%        N/A       36%         2
 Passwall                 Tmut/Erth      5%         N/A       36%         2
 Call Canine Familiar     Summ           6%         N/A       61%         3
 Portal Projectile        Hex/Tloc       12%        N/A       61%         3
 Swiftness                Air            6%         N/A       61%         3
 Tukima's Dance           Hex            6%         N/A       61%         3
 Fulminant Prism          Conj/Hex       8%         3d7       65%         4
 Anguish                  Hex/Necr       3%         N/A       95%         4
 Leda's Liquefaction      Hex/Erth       3%         N/A       95%         4
 Summon Ice Beast         Ice/Summ       6%         N/A       95%         4
 Summon Mana Viper        Hex/Summ       6%         N/A       100%        5
 Enfeeble                 Hex            3%         N/A       100%        7
 Monstrous Menagerie      Summ           3%         N/A       100%        7


Dungeon Overview and Level Annotations

Branches:
Dungeon (6/15)             Temple (0/1) D:4           Sewer (visited)

Altars:
Dithmenos
Vehumet

Annotations:
D:6 Blork the orc, Pikel


Innate Abilities, Weirdness & Mutations

You are immune to sickness and miasma.
Your stone body is resilient. (AC +5)
You are immune to poison.
You resist negative energy. (rN+)
You are resistant to electric shocks. (rElec)
You are resistant to unholy torment.
You are immune to petrification.


Message History

The hell rat is heavily wounded.
The hell rat bites you but does no damage.
The hell rat bites you!
* * * LOW HITPOINT WARNING * * *
You barely miss the hell rat.
The hell rat is heavily wounded.
The hell rat bites you but does no damage.
The hell rat barely misses you.
Casting: Scorch (safe; 2% risk of failure)
Confirm with . or Enter, or press ? or * to list all spells.
Flames lash the hell rat.
The hell rat is moderately wounded.
The hell rat's fire resistance burns away.
The hell rat bites you but does no damage.
Casting: Scorch (safe; 2% risk of failure)
Confirm with . or Enter, or press ? or * to list all spells.
Flames lash the hell rat.
The hell rat is burned terribly!
The hell rat is severely wounded.
The river rat twitches its whiskers.
The hell rat bites you.
* * * LOW HITPOINT WARNING * * *
Okay, then.
Casting: Scorch (safe; 2% risk of failure)
Confirm with . or Enter, or press ? or * to list all spells.
Flames lash the hell rat.
The hell rat is almost dead.
The hell rat's fire resistance burns away.
The hell rat bites you.
* * * LOW HITPOINT WARNING * * *
Casting: Scorch (safe; 2% risk of failure)
Confirm with . or Enter, or press ? or * to list all spells.
Flames lash the hell rat.
The hell rat is burned terribly!
The hell rat is almost dead.
The hell rat bites you but does no damage.
Unknown command.
Casting: Scorch (safe; 2% risk of failure)
Confirm with . or Enter, or press ? or * to list all spells.
Flames lash the river rat but do no damage.
The hell rat barely misses you. The hell rat bites you!
You die...

#.# #.#
#.# .# #.#
.# #.# .#
#.# .#
######.#
.#####
#....÷[#
......
#@###..#
.##### ###
##rr##.#
.# ##...
#r.##.#
.####.r#
##÷##.##
.#.#r#
##.#..#
.##†##
##.##.###
.#.###
#r###<..##
##..##
##..##...#
###r##
###r###.#


You could see 2 hell rats and a river rat.

Vanquished Creatures
  Sigmund (D:2)
  3 sky beasts
  An ogre (D:6)
  A centaur (D:6)
  2 lemures
  A phantom (D:5)
  2 bullfrogs (Sewer)
  2 hounds (D:5)
  A jelly (D:5)
  An orc priest (D:4)
  Jessica (D:2)
  4 iguanas
  Ijyb (D:3)
  Natasha (D:2)
  An orc wizard (D:4)
  A hell rat (D:6)
  Terence (D:3)
  Robin (D:2)
  7 adders
  13 river rats (D:6)
  2 white imps
  An ufetubus (D:5)
  4 worms
  2 dart slugs
  9 orcs
  12 ball pythons
  13 endoplasms
  8 giant cockroaches
  15 goblins
  10 hobgoblins
  6 quokkas
  5 bats
  17 frilled lizards
  6 kobolds
  4 rats
160 creatures vanquished.

Vanquished Creatures (others)
  490 foxfires
490 creatures vanquished.

Grand Total: 650 creatures vanquished

Notes
Turn   | Place    | Note
-------+----------+-------------------------------------------
     0 | D:1      | funkygono the Gargoyle Fire Elementalist began the quest
                  | for the Orb.
     0 | D:1      | Reached XP level 1. HP: 10/10 MP: 3/3
   162 | D:1      | Reached XP level 2. HP: 10/15 MP: 0/5
   165 | D:1      | Learned a level 2 spell: Scorch
   642 | D:1      | Reached XP level 3. HP: 19/19 MP: 0/6
   796 | D:1      | Found a faded altar of an unknown god.
  1212 | D:2      | Noticed Jessica
  1213 | D:2      | Reached XP level 4. HP: 24/24 MP: 4/8
  1227 | D:2      | Killed Jessica
  1612 | D:2      | Reached skill level 4 in Fire Magic
  1643 | D:2      | Noticed Robin
  1670 | D:2      | Killed Robin
  1693 | D:2      | Reached XP level 5. HP: 28/28 MP: 0/9
  1702 | D:2      | Noticed Sigmund
  1793 | D:2      | Noticed Natasha
  1798 | D:2      | Killed Natasha
  2129 | D:2      | Killed Sigmund
  2130 | D:2      | Reached XP level 6. HP: 32/32 MP: 2/11
  2258 | D:2      | Learned a level 3 spell: Conjure Flame
  2263 | D:2      | Learned a level 4 spell: Flame Wave
  2384 | D:3      | Noticed Terence
  2410 | D:3      | Killed Terence
  2451 | D:3      | Found a radiant altar of Vehumet.
  2499 | D:3      | Found a shadowy altar of Dithmenos.
  2502 | D:3      | Became a worshipper of Vehumet
  2611 | D:3      | Found a glowing drain.
  2652 | Sewer    | Entered a sewer
  2872 | Sewer    | Reached skill level 5 in Fire Magic
  2875 | Sewer    | Reached XP level 7. HP: 37/37 MP: 3/13
  2877 | Sewer    | Reached * piety under Vehumet
  2877 | Sewer    | Offered knowledge of Sandblast by Vehumet.
  3277 | D:3      | Noticed Ijyb
  3283 | D:3      | Killed Ijyb
  3522 | D:3      | Learned a level 1 spell: Sandblast
  3525 | D:3      | Learned a level 2 spell: Searing Ray
  3963 | D:4      | Found a staircase to the Ecumenical Temple.
  4756 | D:5      | Entered Level 5 of the Dungeon
  4837 | D:5      | Offered knowledge of Shock by Vehumet.
  4850 | D:5      | Reached ** piety under Vehumet
  4851 | D:5      | Reached skill level 5 in Spellcasting
  4996 | D:5      | Reached XP level 8. HP: 39/42 MP: 9/15
  5137 | D:5      | Reached skill level 6 in Fire Magic
  5589 | D:5      | Identified a scroll of acquirement
  5589 | D:5      | Acquired 680 gold pieces
  5593 | D:5      | Learned a level 1 spell: Shock
  5679 | D:6      | Reached skill level 5 in Conjurations
  6017 | D:6      | Noticed Pikel
  6027 | D:6      | Noticed Blork the orc
  6412 | D:6      | Offered knowledge of Ignite Poison by Vehumet.
  6483 | D:6      | Reached skill level 7 in Fire Magic
  6524 | D:6      | Slain by a hell rat

Illustrated notes

Levels and vault maps discovered:
D:1:      evilmike_arrival_crescent, layout_rooms,
          hellmonk_ecumenical_altar_leap_of_faith
D:2:      layout_basic, uniq_robin, uniq_jessica, uniq_natasha, uniq_sigmund
D:3:      layout_rooms, nicolae_overflow_squiral, cheibrodos_sewer_entry_bend,
          minmay_strange_pillars, uniq_terence, uniq_ijyb
D:4:      minmay_angry_zag, layout_cave_pods, minmay_temple_entry_crystal_x,
          minmay_misc_feat_x, hex_tiny
D:5:      layout_loops_cross
D:6:      wander_guarded_unrand_ratskin, layout_basic, tgw_sif,
          minmay_misc_feat_plants, uniq_blork_the_orc, uniq_pikel

Skill      XL: |  1  2  3  4  5  6  7  8 |
---------------+-------------------------+-----
Conjurations   | 2 3 4 5 |  5.3
Spellcasting   | 3 4 5 6 |  6.4
Fire Magic     | 4 5 7 |  7.0
Dodging        | 2 |  2.0
Fighting       | |  0.4
Maces & Flails | |  0.5
Armour         | |  0.6
Stealth        | |  2.1

Action                   |  1- 3 |  4- 6 |  7- 9 || total
-------------------------+-------+-------+-------++-------
Melee: Club              |     1 |       |       ||     1
       Mace              |       |    10 |    47 ||    57
       Punch             |       |       |     1 ||     1
 Cast: Foxfire           |    59 |    89 |   140 ||   288
       Scorch            |     1 |    11 |    54 ||    66
  Use: Potion            |       |     1 |       ||     1
       Scroll            |       |       |     9 ||     9
Armor: Robe              |     3 |    17 |     6 ||    26
       Ring mail         |       |       |    44 ||    44
Dodge: Dodged            |     5 |    29 |    58 ||    92

Table legend: (Time is in decaauts)
 A = Elapsed time spent in this place.
 B = Non-inter-level travel time spent in this place.
 C = Inter-level travel time spent in this place.
 D = Time resting spent in this place.
 E = Time spent auto-exploring this place.
 F = Levels seen in this place.
 G = Mean time per level.
                   A        B        C        D        E       F      G
               +--------+--------+--------+--------+--------+-----+--------+
         Total |   6544 |   6317 |    227 |    206 |   4652 |   7 |  934.9 |
       Dungeon |   5992 |   5765 |    227 |    206 |   4219 |   6 |  998.7 |
         Sewer |    552 |    552 |      0 |      0 |    433 |   1 |  552.0 |
               +--------+--------+--------+--------+--------+-----+--------+

Top non-repeatable levels by time:
     D:2: 1243 daAuts
     D:4: 1162 daAuts
     D:1: 1060 daAuts
     D:5: 979 daAuts
     D:6: 806 daAuts
     D:3: 738 daAuts
   Sewer: 552 daAuts
